 Dungeon Crawl Stone Soup version 0.28-a0-793-g31680bbd8b (webtiles) character file.

Game seed: 220410965615535185

338 ytrimaz the Skirmisher (level 6, 0/49 HPs)
             Began as a Demonspawn Fighter on Nov 3, 2021.
             Slain by a bullfrog (7 damage)
             ... in a sewer.
             The game lasted 00:04:37 (4248 turns).

ytrimaz the Skirmisher (Demonspawn Fighter)         Turns: 4248, Time: 00:04:38

Health: 0/49       AC:  7    Str: 18    XL:     6   Next: 29%
Magic:  6/6        EV: 10    Int: 10    God:
Gold:   102        SH:  4    Dex: 12    Spells: 5/5 levels left

rFire   . . .      SeeInvis .   a - +0 war axe
rCold   . . .      Faith    .   c - +0 buckler
rNeg    . . .      Spirit   .   b - +0 scale mail
rPois   .          Reflect  .   (helmet restricted)
rElec   .          Harm     .   (no cloak)
rCorr   .          Rampage  .   (no gloves)
Will    .....                   (no boots)
Stlth   ..........              (no amulet)
HPRegen 0.16/turn               (no ring)
MPRegen 0.20/turn               (no ring)

@: very slightly contaminated, invisible
A: hooves 1, horns 1, magic regeneration
a: no special abilities


You were in a sewer.
You visited 1 branch of the dungeon, and saw 3 of its levels.
You also visited: Sewer.

You collected 102 gold pieces.

Inventory:

Hand Weapons
 a - a +0 war axe (weapon)
Armour
 b - a +0 scale mail (worn)
 c - a +0 buckler (worn)
Scrolls
 g - 2 scrolls of enchant weapon
 h - a scroll of enchant armour
 i - 2 scrolls of fear
 l - 2 scrolls of fog
Potions
 e - a potion of invisibility
 f - 4 potions of haste {unknown}
 j - 2 potions of might
 k - a potion of curing {unknown}


   Skills:
 * Level 4.4 Fighting
 - Level 1.7 Axes
 + Level 4.2 Armour
 * Level 2.5 Dodging
 * Level 3.7 Shields


You had 5 spell levels left.
You didn't know any spells.
Your spell library contained the following spells:

 Spells                   Type           Power      Damage    Failure   Level
 Ozocubu's Armour         Ice            0%         N/A       98%         3
 Ozocubu's Refrigeration  Ice            0%         4d5       100%        7


Dungeon Overview and Level Annotations

Branches:
Dungeon (3/15)              Sewer (1/1)

Altars:
Dithmenos


Innate Abilities, Weirdness & Mutations

You have large cloven feet.
You have a pair of small horns on your head.
You regenerate magic rapidly.


Message History

* * * LOW HITPOINT WARNING * * *
The adder closely misses you. The bullfrog barely misses you.
The adder barely misses you. The bullfrog hits you.
* * * LOW HITPOINT WARNING * * *
The bullfrog hits you but does no damage.
The adder bites you but does no damage.
It was a potion of invisibility.
You fade into invisibility!
You block the bullfrog's attack. The adder barely misses you.
The bullfrog closely misses you.
You are very lightly contaminated with residual magic.
You strike the helpless adder from behind!
You hit the adder.
The adder is heavily wounded.
Your scale mail prevents you from hitting the bullfrog.
The bullfrog barely misses you. The adder misses you.
The bullfrog barely misses you. The adder misses you.
You barely miss the adder. You kick the adder.
The adder is severely wounded.
You miss the bullfrog. You block the bullfrog's attack.
The adder closely misses you. The bullfrog hits you.
* * * LOW HITPOINT WARNING * * *
The adder closely misses you.
You barely miss the adder. Your kick misses the adder. You headbutt the adder.
You kill the adder!
You closely miss the bullfrog.
The bullfrog hits you but does no damage.
The bullfrog closely misses you.
You catch the helpless bullfrog completely off-guard!
You slash the bullfrog!
The bullfrog is moderately wounded.
The bullfrog closely misses you. x2
You closely miss the bullfrog. Your kick misses the bullfrog.
The bullfrog is moderately wounded.
The bullfrog hits you.
* * * LOW HITPOINT WARNING * * *
The bullfrog hits you but does no damage.
The bullfrog hits you!
You die...

################....#
##...## #####...#
#..'....# #..#....#
####...##
################....#
≈≈≈S≈≈≈≈≈≈≈≈≈≈#F....#
≈≈≈≈≈≈≈≈≈≈≈≈≈≈.F@..##
≈≈≈≈≈≈≈≈≈≈≈≈≈≈≈†...#
≈≈≈≈≈≈≈#≈≈≈≈≈≈.....#
≈≈≈≈≈..≈≈≈≈≈≈≈≈...##
≈≈≈S≈≈≈≈≈≈≈≈≈≈#.###
#################


You could see 2 bullfrogs.

Vanquished Creatures
  An orc priest (D:2)
  Natasha (thrice) (D:2)
  Robin (D:2)
  4 river rats
  11 adders
  2 worms (D:2)
  3 orcs
  5 bats
  5 endoplasms
  4 giant cockroaches
  9 goblins
  3 hobgoblins
  4 quokkas
  9 ball pythons
  6 frilled lizards
  2 kobolds
  28 rats
100 creatures vanquished.

Notes
Turn   | Place    | Note
-------+----------+-------------------------------------------
     0 | D:1      | ytrimaz the Demonspawn Fighter began the quest for the Orb.
     0 | D:1      | Reached XP level 1. HP: 18/18 MP: 1/1
   260 | D:1      | Discovered your monstrous ancestry.
   260 | D:1      | Gained mutation: You have large cloven feet. [demonic
                  | ancestry]
   260 | D:1      | Reached XP level 2. HP: 24/24 MP: 2/2
   857 | D:2      | Noticed Natasha
   868 | D:2      | Reached skill level 1 in Dodging
   868 | D:2      | Reached XP level 3. HP: 29/29 MP: 3/3
   872 | D:2      | Killed Natasha
  1135 | D:2      | Reached XP level 4. HP: 19/37 MP: 4/4
  1454 | D:2      | Noticed Robin
  1468 | D:2      | Killed Robin
  1567 | D:2      | Noticed Natasha
  1576 | D:2      | Killed Natasha
  1593 | D:2      | Noticed Natasha
  1606 | D:2      | Killed Natasha
  1607 | D:2      | Gained mutation: You have a pair of small horns on your
                  | head. [demonic ancestry]
  1607 | D:2      | Reached XP level 5. HP: 17/42 MP: 5/5
  1793 | D:2      | Found a shadowy altar of Dithmenos.
  3227 | D:3      | Found a glowing drain.
  3273 | Sewer    | Entered a sewer
  3355 | Sewer    | Gained mutation: You regenerate magic rapidly. [demonic
                  | ancestry]
  3355 | Sewer    | Reached XP level 6. HP: 41/48 MP: 6/6
  4248 | Sewer    | Slain by a bullfrog

Illustrated notes

Levels and vault maps discovered:
D:1:      lemuel_arrival_behind_the_door_small, layout_rooms,
          chequers_decorated_corner
D:2:      layout_loops_ring, basic_altar, uniq_robin, uniq_natasha
D:3:      layout_basic, gup_sewer_entry_bowl,
          shapermc_ecumenical_altar_rom_forum
Sewer:    sewer_minmay_w

Skill      XL: |  1  2  3  4  5 |
---------------+----------------+-----
Armour         | 3 4 |  4.2
Shields        | 3 |  3.7
Dodging        | 1 2 |  2.5
Fighting       | 4 |  4.4
Axes           | |  1.7

Action                   |  1- 3 |  4- 6 || total
-------------------------+-------+-------++-------
Melee: War axe           |    67 |   166 ||   233
       Kick              |    10 |    23 ||    33
       Headbutt          |       |    16 ||    16
  Use: Potion            |       |     2 ||     2
       Scroll            |       |     6 ||     6
 Stab: Invisible         |       |     2 ||     2
Armor: Scale mail        |    27 |   105 ||   132
Dodge: Dodged            |    45 |   127 ||   172
Block: Buckler           |    25 |    54 ||    79

Table legend: (Time is in decaauts)
 A = Elapsed time spent in this place.
 B = Non-inter-level travel time spent in this place.
 C = Inter-level travel time spent in this place.
 D = Time resting spent in this place.
 E = Time spent auto-exploring this place.
 F = Levels seen in this place.
 G = Mean time per level.
                   A        B        C        D        E       F      G
               +--------+--------+--------+--------+--------+-----+--------+
         Total |   4405 |   4352 |     53 |   1597 |   2005 |   4 | 1101.2 |
       Dungeon |   3349 |   3296 |     53 |    886 |   1885 |   3 | 1116.3 |
         Sewer |   1055 |   1055 |      0 |    711 |    120 |   1 | 1055.0 |
               +--------+--------+--------+--------+--------+-----+--------+

Top non-repeatable levels by time:
     D:2: 1824 daAuts
   Sewer: 1055 daAuts
     D:1: 1019 daAuts
     D:3: 505 daAuts
